 Dungeon Crawl Stone Soup version 0.23-a0-643-g9ccc95a (webtiles) character file.

44 Lanoc the Ducker (level 3, -1/35 HPs)
             Began as a Gnoll Monk on Dec 31, 2018.
             Slain by Robin
             ... wielding a +4 mace of protection
              (9 damage)
             ... on level 1 of the Dungeon.
             The game lasted 00:01:35 (772 turns).

Lanoc the Ducker (Gnoll Monk)                        Turns: 772, Time: 00:01:36

Health: -1/35      AC:  2    Str: 13    XL:     3   Next: 60%
Magic:  4/4        EV: 16    Int: 13    God:
Gold:   64         SH:  0    Dex: 17    Spells: 3/3 levels left

rFire    . . .     SeeInvis .   a - +0 falchion
rCold    . . .     Gourm    .   (no shield)
rNeg     . . .     Faith    .   b - +0 robe
rPois    .         Spirit   .   (no helmet)
rElec    .         Reflect  .   (no cloak)
rCorr    .         Harm     .   (no gloves)
MR       .....                  (no boots)
Stlth    +++.......             (no amulet)
HPRegen  0.11/turn              (no ring)
MPRegen  0.09/turn              (no ring)

@: hasted, drained, very quick
A: distributed training, fangs 1, strong nose
a: no special abilities


You were on level 1 of the Dungeon.
You were not hungry.

You visited 1 branch of the dungeon, and saw 2 of its levels.

You collected 64 gold pieces.

Inventory:

Hand Weapons
 a - a +0 falchion (weapon)
Armour
 b - a +0 robe (worn)
Scrolls
 d - 3 scrolls of identify {unknown}
 e - a scroll of fog {unknown}
 g - a scroll of amnesia {unknown}
 h - a scroll of noise {unknown}
Potions
 j - a potion of haste
Comestibles
 c - a ration
 f - 2 chunks of flesh


   Skills:
 + Level 6.5 Fighting
 + Level 0.8 Short Blades
 + Level 6.5 Long Blades
 + Level 0.8 Axes
 + Level 0.8 Maces & Flails
 + Level 0.8 Polearms
 + Level 0.8 Staves
 + Level 0.8 Slings
 + Level 0.8 Bows
 + Level 0.8 Crossbows
 + Level 0.8 Throwing
 + Level 0.8 Armour
 + Level 6.5 Dodging
 + Level 4.1 Stealth
 + Level 0.8 Shields
 + Level 0.8 Unarmed Combat
 + Level 0.8 Spellcasting
 + Level 0.5 Conjurations
 + Level 0.5 Hexes
 + Level 0.5 Charms
 + Level 0.5 Summonings
 + Level 0.5 Necromancy
 + Level 0.5 Translocations
 + Level 0.5 Transmutations
 + Level 0.5 Fire Magic
 + Level 0.5 Ice Magic
 + Level 0.5 Air Magic
 + Level 0.5 Earth Magic
 + Level 0.5 Poison Magic
 + Level 1.0(0.9) Invocations
 + Level 0.8 Evocations


You had 3 spell levels left.
You didn't know any spells.
Your spell library was empty.

Dungeon Overview and Level Annotations

Branches:
Dungeon (2/15)

Altars:

Annotations:
D:1 Robin


Innate Abilities, Weirdness & Mutations

Your experience applies equally to all skills.
You have very sharp teeth.
Your uncanny sense of smell can sniff out nearby items.


Message History

Robin is heavily wounded.
Robin barely misses you.
You barely miss Robin.
Robin is heavily wounded.
Robin completely misses you.
You barely miss Robin. Your bite misses Robin.
Robin is heavily wounded.
You barely miss Robin.
Robin is heavily wounded.
Robin hits you with a +4 mace of protection.
* * * LOW HITPOINT WARNING * * *
It was a potion of haste.
You feel yourself speed up. Robin hits you but does no damage.
Items here: )))) † a +0 dagger; a +0 club x3; a hobgoblin corpse It was a potion of curing.
You feel better.
You hit Robin.
Robin is heavily wounded.
Robin hits you with a +4 mace of protection!
You die...

#######
####.....#####
###>)..........#
#@g)(..###.###.##
#.#.######.# #).#
###+#........# ##.#
#.....)###...# #.#
#......# #..## #.#
##......# #.)# #.#
#.......# #..# #.#
#.......# #..# #.##
#.......###..#####..#


You could see Robin.

Vanquished Creatures
  An ooze (D:1)
  A dart slug (D:2)
  A bat (D:1)
  4 giant cockroaches (D:1)
  11 goblins
  6 hobgoblins (D:1)
  A ball python (D:1)
  A frilled lizard (D:1)
  4 kobolds (D:1)
  4 rats (D:1)
34 creatures vanquished.

Vanquished Creatures (others)
  A goblin (D:2)
1 creature vanquished.

Grand Total: 35 creatures vanquished

Notes
Turn   | Place    | Note
-------+----------+-------------------------------------------
     0 | D:1      | Lanoc the Gnoll Monk began the quest for the Orb.
     0 | D:1      | Reached XP level 1. HP: 23/23 MP: 1/1
    48 | D:1      | Reached XP level 2. HP: 19/29 MP: 2/2
   321 | D:1      | Reached XP level 3. HP: 34/35 MP: 3/3
   505 | D:2      | Noticed Robin
   739 | D:1      | Reached skill level 1 in Invocations
   767 | D:1      | HP: 1/35 [Robin/+4 mace of protection (6)]
   772 | D:1      | Slain by Robin

Vault maps used:
D:1:      dpeg_arrival_chambers_temple_mockup
D:2:      uniq_robin

Skill      XL: |  1  2  3 |
---------------+----------+-----
Invocations    | 1 |  1.0
Fighting       | |  6.5
Short Blades   | |  0.8
Long Blades    | |  6.5
Axes           | |  0.8
Maces & Flails | |  0.8
Polearms       | |  0.8
Staves         | |  0.8
Slings         | |  0.8
Bows           | |  0.8
Crossbows      | |  0.8
Throwing       | |  0.8
Armour         | |  0.8
Dodging        | |  6.5
Stealth        | |  4.1
Shields        | |  0.8
Unarmed Combat | |  0.8
Spellcasting   | |  0.8
Conjurations   | |  0.5
Hexes          | |  0.5
Charms         | |  0.5
Summonings     | |  0.5
Necromancy     | |  0.5
Translocations | |  0.5
Transmutations | |  0.5
Fire Magic     | |  0.5
Ice Magic      | |  0.5
Air Magic      | |  0.5
Earth Magic    | |  0.5
Poison Magic   | |  0.5
Evocations     | |  0.8

Action                   || total
-------------------------++-------
Melee: Falchion          ||    80
       Bite              ||    10
       Punch             ||     1
  Use: Potion            ||     2
 Stab: Sleeping          ||     5
Armor: Robe              ||    11
Dodge: Dodged            ||    89
       Rpst.: Falchion   ||    28

Table legend:
 A = Non-vault XP
 B = Vault XP
 C = Vault XP percentage of total XP
 D = Non-vault monster count
 E = Vault monster count
 F = Vault count percentage of total count
                 A         B        C        D         E       F
            +---------+---------+-------+---------+---------+-------
      Total |      47 |      16 |  25.4 |      24 |       9 |  27.3
            +---------+---------+-------+---------+---------+-------
        D:1 |      43 |      14 |  24.6 |      23 |       8 |  25.8
        D:2 |       4 |       2 |  33.3 |       1 |       1 |  50.0
            +---------+---------+-------+---------+---------+-------
